 Dungeon Crawl Stone Soup version 0.21-a0-380-gd65dc97 (webtiles) character file.

149759 constexpr the Executioner (level 16, -3/152 HPs)
             Began as a Minotaur Berserker on Oct 18, 2017.
             Was the Champion of Trog.
             Slain by a hornet (4 damage)
             ... on level 4 of the Spider Nest.
             The game lasted 01:33:33 (46856 turns).

constexpr the Executioner (Minotaur Berserker)     Turns: 46856, Time: 01:33:35

Health: -3/152     AC: 24    Str: 30 (32) XL:     16   Next: 97%
Magic:  0/5        EV: 14    Int:  0 (1)  God:    Trog [******]
Gold:   1583       SH:  0    Dex: 10 (14) Spells: 15/15 levels left

rFire    + . .     SeeInvis .   u - +3 executioner's axe (antimagic) {god gift}
rCold    . . .     Gourm    +   (shield currently unavailable)
rNeg     . . .     Faith    .   g - +1 plate armour {rF+}
rPois    .         Spirit   .   (helmet restricted)
rElec    +         Reflect  .   P - scarf {repulsion}
rCorr    .         Harm     .   N - +1 pair of gloves
MR       ++...                  (no boots)
Stlth    ..........             w - amulet of the gourmand
HPRegen  0.35/turn              Q - ring of protection from magic
MPRegen  0.09/turn              H - ring of Roesul {rElec AC+3 Str+9 Int-5 Stlth-}

@: slowed, lost intelligence, repel missiles, very slow
A: retaliatory headbutt, horns 2
a: Berserk, Trog's Hand, Brothers in Arms, Burn Spellbooks, Renounce Religion


You were on level 4 of the Spider Nest.
You worshipped Trog.
Trog was exalted by your worship.
You were very hungry.

You visited 5 branches of the dungeon, and saw 28 of its levels.
You also visited: Labyrinth.

You collected 2416 gold pieces.
You spent 833 gold pieces at shops.


Innate Abilities, Weirdness & Mutations

You reflexively headbutt those who attack you in melee.
You have a pair of horns on your head.


   Skills:
 + Level 16.4 Fighting
 * Level 21.6 Axes
 + Level 16.2 Armour
 + Level 15.0 Dodging


You had 15 spell levels left.
You didn't know any spells.

Inventory:

Hand Weapons
 u - a +3 antimagic executioner's axe (weapon) {god gift}
 S - a +1 battleaxe of electrocution {god gift}
Armour
 g - a +1 plate armour of fire resistance (worn)
 N - a +1 pair of gloves (worn)
 P - a scarf of repulsion (worn)
 X - a scarf of cloud immunity
Jewellery
 w - an amulet of the gourmand (around neck)
 H - the ring of Roesul (right hand) {rElec AC+3 Str+9 Int-5 Stlth-}
   (You found it on level 8 of the Dungeon)

   [ring of protection]

   It affects your AC (+3).
   It affects your strength (+9).
   It affects your intelligence (-5).
   It insulates you from electricity.
   It makes you less stealthy.
 Q - a ring of protection from magic (left hand)
 V - an uncursed ring of resist corrosion
Wands
 b - a wand of paralysis (15/24)
 i - a wand of clouds (2/9)
 l - a wand of iceblast (6/15)
 m - a wand of digging (5/24)
 s - a wand of flame (18/48)
 y - a wand of scattershot (4/9)
 z - a wand of flame (31/48)
 F - a wand of acid (10/15)
 J - a wand of lightning (7/15)
 M - a wand of digging (10/24)
 O - a wand of disintegration (14/24)
 T - a wand of acid (14/15)
Scrolls
 e - 7 scrolls of fog
 f - 12 scrolls of remove curse
 h - 5 scrolls of identify
 x - 5 scrolls of enchant weapon
 C - 2 scrolls of fear
 D - 3 scrolls of teleportation
 G - a scroll of enchant armour
 I - 2 scrolls of recharging
Potions
 a - 2 potions of resistance
 d - 7 potions of haste
 j - 3 potions of agility
 k - a potion of cancellation
 n - 2 potions of invisibility
 o - 4 potions of magic
 p - 3 potions of mutation
 r - 2 potions of heal wounds
 t - 2 potions of ambrosia {!e}
 v - 8 potions of might
 B - 3 potions of brilliance
 E - a potion of flight
 K - 4 potions of berserk rage {!q}
 R - 7 potions of curing
Miscellaneous
 q - a phial of floods
 A - a lamp of fire
 W - a sack of spiders
Comestibles
 c - 23 bread rations
 L - 5 royal jellies
 Y - 6 meat rations
 Z - 25 fruits

Dungeon Overview and Level Annotations

Branches:
Dungeon (15/15)            Temple (1/1) D:5            Lair (6/6) D:11
 Shoals (0/4) Lair:2       Spider (4/4) Lair:3        Slime (0/5) Lair:5
    Orc (2/2) D:10            Elf (0/3) Orc:2        Vaults (0/5) D:13
 Depths (0/5) D:15

Altars:
Ashenzari
Cheibriados
Dithmenos
Elyvilon
Fedhas
Gozag
Hepliaklqana
Kikubaaqudgha
Makhleb
Nemelex Xobeh
Okawaru
Qazlal
Ru
Sif Muna
Trog
Uskayaw
Vehumet
Wu Jian
Xom
Yredelemnul
Zin
The Shining One
Beogh

Shops:
D:7 *   Orc:1 [   Orc:2 (*=?

Annotations:
D:15 4 runed doors

#......## ##.###^##....#......
#.....## ##†##.^.^..........
.....## #####†#.≈.....#.....
.^....####..###..≈##..^.##..
.#.##.^##.#..##.....s.......s
...#..###.#..##..^s.#..≈≈≈≈≈.
..###....##.##.T^#.....≈≈≈y≈..
..#.##..####^.#.#y#≈.≈≈≈≈≈≈≈≈.
.##.^#### ###.#.@#.≈#≈≈≈≈≈###^
.#....# #...#yy{...≈≈≈≈##
.#...^## #..#^#§...^≈≈≈##
..#.##.# #..####....≈≈≈#
#####.## #....#.^...≈≈≈#
.##.##.######..#^....≈≈≈#
.##..##.#.....###^...≈≈≈#
#^#..###........^^.†.≈≈≈###
##...#.#####^#.#≈.#..≈≈≈≈≈##


You could see 2 spark wasps, an orb spider, a hornet, a jumping spider and a
friendly troll (berserk).


Message History

The spark wasp stings you but does no damage.
Unknown command.
You almost manage to decipher the scroll, but fail in this attempt.
The hornet closely misses you.
The jumping spider leaps!
The spark wasp stings you but does no damage.
You feel you are being watched by something.
You feel your power leaking away.
The spark wasp stings you but does no damage.
The hornet barely misses you. You furiously retaliate!
You headbutt the hornet.
The spark wasp stings you but does no damage.
The jumping spider leaps!
You feel you are being watched by something.
Something hits you but does no damage. Something hits you.
* * * LOW HITPOINT WARNING * * *
You feel weakened.
Something stings you but does no damage.
The spark wasp stings you!
* * * LOW HITPOINT WARNING * * *
The spark wasp shocks you. You resist.
* * * LOW HITPOINT WARNING * * *
The hornet misses you.
Unknown command.
Your troll goes berserk!
You feel quite a bit more hungry. The spark wasp barely misses you.
The spark wasp stings you!
* * * LOW HITPOINT WARNING * * *
The spark wasp shocks you. You resist.
* * * LOW HITPOINT WARNING * * *
The hornet stings you.
You die...

Action                   |  1- 3 |  4- 6 |  7- 9 | 10-12 | 13-15 | 16-18 || total
-------------------------+-------+-------+-------+-------+-------+-------++-------
Melee: Hand axe          |    69 |   100 |    60 |       |       |       ||   229
       Headbutt          |    10 |    16 |    73 |   153 |   249 |   102 ||   603
       War axe           |       |       |   233 |   649 |     2 |       ||   884
       Battleaxe         |       |       |       |       |   262 |       ||   262
       Executioner's axe |       |       |       |       |   663 |   367 ||  1030
 Fire: Hunting sling     |       |    10 |       |       |       |       ||    10
Invok: Berserk           |       |     1 |     4 |    12 |    10 |       ||    27
       Trog's Hand       |       |       |     2 |       |     1 |     1 ||     4
       Brothers in Arms  |       |       |       |       |     1 |     1 ||     2
Evoke: Wand              |       |       |       |       |     9 |     2 ||    11
  Use: Scroll            |       |       |     8 |    14 |    17 |     1 ||    40
       Potion            |       |       |     3 |       |     2 |     4 ||     9
 Stab: Distracted        |       |       |       |     1 |       |       ||     1
  Eat: Chunk             |     2 |     9 |    20 |    48 |    72 |    12 ||   163
       Royal jelly       |       |       |     1 |       |     1 |       ||     2
       Meat ration       |       |       |     1 |     1 |       |     2 ||     4
Armor: Animal skin       |    13 |       |       |       |       |       ||    13
       Leather armour    |     6 |    12 |       |       |       |       ||    18
       Scale mail        |       |       |    98 |    47 |       |       ||   145
       Chain mail        |       |       |       |   130 |       |       ||   130
       Plate armour      |       |       |       |   107 |   705 |   320 ||  1132
Dodge: Dodged            |    48 |    57 |   193 |   387 |   855 |   419 ||  1959
       Deflected         |       |       |       |       |       |     2 ||     2

Vault maps used:
D:1:      saegor_arrival_simple_e, minmay_pentomino_q2
D:2:      nemelex_diamond_rough_becter, uniq_terence
D:3:      first_bread, uniq_natasha, uniq_robin, uniq_purgy
D:4:      grunt_temple_overflow_lords_of_destruction,
          eino_small_chamber_without_monster, minmay_misc_feat_more_columns
D:5:      minmay_temple_entry_enclosed_plants, nrook_mini_backslash
D:6:      uniq_eustachio
D:7:      nicolae_alphabet_shops
D:8:      lemuel_blue_sif_altar
D:9:      minitemple
D:10:     zombieorc1_lemuel, grunt_tengu_nest, grunt_ministairs_2
D:11:     kennysheep_spiral_hall, uniq_erica
D:12:     uniq_snorg
D:13:     david_vaults_4
D:14:     serial_bayou_pond_d, evilmike_surprise_oklob
D:15:     hangedman_depths_entry_civil_slaughter, minmay_statue_crystal_thing
Temple:   eino_temple_water
Lair:1:   lab_entry_generic, lemuel_fruit_tree, uniq_fannar
Lair:2:   minmay_guarded_unrand_snakebite, minmay_shoals_entry_lonely_mermaid,
          serial_bayou_shore_a
Lair:3:   spider_nest_entry_a, minivault_26
Lair:5:   slime_dummy, minmay_lair_drake_nest
Lair:6:   evilmike_catoblepas_cave, grunt_megastairs_2
Spider:2: spider_trap
Spider:3: uniq_azrael
Spider:4: grunt_spider_rune_island, spiders_nest_hornet_nest, uniq_arachne
Orc:1:    serial_shops, shop, david_defended_altar_orc
Orc:2:    st_orc_open
Lab:      labyrinth_mini_lab, nicolae_lab_grate_2, labyrinth_skeletal_remains,
          lab_block, nicolae_lab_checkerboard, nicolae_lab_stuck, lab_statue,
          nicolae_lab_starburst

Notes
Turn   | Place    | Note
-------+----------+-------------------------------------------
     0 | D:1      | constexpr the Minotaur Berserker began the quest for the Orb.
     0 | D:1      | Reached XP level 1. HP: 19/19 MP: 0/0
   195 | D:1      | Reached skill level 4 in Axes
   263 | D:1      | Reached XP level 2. HP: 14/26 MP: 1/1
   831 | D:1      | Reached skill level 5 in Axes
   874 | D:1      | Reached XP level 3. HP: 31/31 MP: 2/2
  1361 | D:2      | Reached ** piety under Trog
  1526 | D:2      | Reached skill level 6 in Axes
  1526 | D:2      | Reached XP level 4. HP: 36/39 MP: 3/3
  1756 | D:2      | Noticed Terence
  1764 | D:2      | Killed Terence
  2220 | D:2      | Found a sparkling altar of Nemelex Xobeh.
  2363 | D:3      | Noticed Robin
  2374 | D:3      | Killed Robin
  2482 | D:3      | Noticed drazt1k's ghost (amateur HaHu)
  2492 | D:3      | Killed drazt1k's ghost
  2492 | D:3      | Reached skill level 8 in Axes
  2492 | D:3      | Reached XP level 5. HP: 45/45 MP: 4/4
  2663 | D:3      | Noticed Purgy
  2841 | D:3      | Noticed Natasha
  2849 | D:3      | Killed Natasha
  2849 | D:3      | Reached XP level 6. HP: 18/51 MP: 5/5
  3216 | D:3      | Noticed Natasha
  3224 | D:3      | Killed Natasha
  3407 | D:3      | Noticed Natasha
  3412 | D:3      | Killed Natasha
  3838 | D:4      | Reached skill level 9 in Axes
  4242 | D:4      | Found a radiant altar of Vehumet.
  4243 | D:4      | Found a burning altar of Makhleb.
  4246 | D:4      | Reached XP level 7. HP: 53/57 MP: 6/6
  4628 | D:4      | Killed Purgy
  4628 | D:4      | Reached skill level 10 in Axes
  5020 | D:5      | Entered Level 5 of the Dungeon
  5234 | D:5      | Reached skill level 11 in Axes
  5349 | D:5      | Reached XP level 8. HP: 32/64 MP: 7/7
  5710 | D:5      | Found a staircase to the Ecumenical Temple.
  5716 | Temple   | Entered the Ecumenical Temple
  6142 | D:6      | Reached skill level 12 in Axes
  6149 | D:5      | HP: 16/64 [killer bee (7)]
  6150 | D:5      | HP: 7/64 [killer bee (3)]
  6152 | D:5      | HP: 2/64 [killer bee (2)]
  6157 | D:5      | HP: 3/64 [poisoned by a killer bee]
  6163 | D:5      | HP: 5/64 [poisoned by a killer bee]
  6170 | D:5      | HP: 3/64 [poisoned by a killer bee]
  6177 | D:5      | HP: 3/64 [poisoned by a killer bee]
  6185 | D:5      | HP: 2/64 [poisoned by a killer bee]
  6639 | D:6      | Reached *** piety under Trog
  6639 | D:6      | Reached skill level 4 in Fighting
  6639 | D:6      | Reached skill level 3 in Armour
  6639 | D:6      | HP: 21/66 [hound (1)]
  6644 | D:6      | HP: 18/99 [poisoned by a killer bee]
  6649 | D:6      | HP: 8/66 [poisoned by a killer bee]
  6654 | D:6      | HP: 11/66 [killer bee (4)]
  6655 | D:6      | HP: 5/66 [killer bee (1)]
  6660 | D:6      | Reached skill level 3 in Dodging
  7062 | D:6      | Reached skill level 4 in Armour
  7121 | D:6      | Reached skill level 5 in Fighting
  7268 | D:6      | Noticed Eustachio
  7283 | D:6      | Killed Eustachio
  7283 | D:6      | Reached skill level 4 in Dodging
  7283 | D:6      | Reached XP level 9. HP: 74/74 MP: 8/8
  7774 | D:7      | Reached skill level 5 in Armour
  7882 | D:7      | Reached skill level 6 in Fighting
  8031 | D:7      | Reached skill level 5 in Dodging
  8079 | D:7      | Found Luicicam's Luxury Loot.
  8251 | D:7      | HP: 24/78 [yak (11)]
  8252 | D:7      | Reached skill level 6 in Armour
  9002 | D:8      | Reached skill level 7 in Fighting
  9002 | D:8      | Reached skill level 6 in Dodging
  9015 | D:8      | HP: 24/79 [orc warrior/hand axe (14)]
  9024 | D:8      | HP: 6/79 [ogre/giant spiked club (20)]
  9029 | D:8      | HP: 6/79 [ogre/giant spiked club (1)]
  9030 | D:8      | Reached **** piety under Trog
  9030 | D:8      | Reached skill level 7 in Armour
  9814 | D:8      | Reached XP level 10. HP: 88/88 MP: 9/9
  9882 | D:8      | Got a serpentine platinum ring
  9883 | D:8      | Lost intelligence.
  9883 | D:8      | Identified the ring of Roesul {rElec AC+3 Str+9 Int-5 Stlth-} (You found it on level 8 of the Dungeon)
  9952 | D:8      | HP: 25/88 [hippogriff (7)]
  9957 | D:7      | Reached skill level 8 in Fighting
 10359 | D:8      | Reached skill level 7 in Dodging
 10530 | D:8      | Found a deep blue altar of Sif Muna.
 10605 | D:9      | Reached skill level 8 in Armour
 10863 | D:9      | Reached skill level 9 in Fighting
 11002 | D:9      | Reached skill level 8 in Dodging
 11078 | D:9      | Noticed a two-headed ogre
 11084 | D:9      | Killed a two-headed ogre
 11084 | D:9      | Reached skill level 9 in Armour
 11222 | D:9      | Found a snail-covered altar of Cheibriados.
 11242 | D:9      | Reached ***** piety under Trog
 11605 | D:9      | Found a sacrificial altar of Ru.
 11606 | D:9      | Found a hide-covered altar of Uskayaw.
 11609 | D:9      | Found a glowing silver altar of Zin.
 11613 | D:9      | Found a deep blue altar of Sif Muna.
 11615 | D:9      | Found a stormy altar of Qazlal.
 11901 | D:10     | Entered Level 10 of the Dungeon
 12122 | D:10     | Reached XP level 11. HP: 96/99 MP: 10/10
 12373 | D:10     | Reached skill level 10 in Fighting
 12373 | D:10     | Reached skill level 13 in Axes
 12562 | D:10     | Reached skill level 9 in Dodging
 12874 | D:10     | Killed an unseen horror
 12874 | D:10     | Reached skill level 10 in Armour
 13119 | D:10     | Noticed a two-headed ogre
 13127 | D:10     | Killed a two-headed ogre
 13327 | D:10     | Found a staircase to the Orcish Mines.
 14199 | D:11     | Noticed Erica
 14225 | D:11     | Killed Erica
 14225 | D:11     | Reached skill level 14 in Axes
 14549 | D:11     | Reached ****** piety under Trog
 14578 | D:11     | Received a gift from Trog
 14681 | D:11     | Found a staircase to the Lair.
 14692 | D:11     | Reached skill level 11 in Fighting
 15752 | D:12     | Noticed Snorg
 16022 | Lair:1   | Entered Level 1 of the Lair of Beasts
 16030 | Lair:1   | Found a labyrinth entrance.
 16038 | Lair:1   | Reached XP level 12. HP: 63/110 MP: 11/11
 16045 | Lab      | Entered a labyrinth
 16299 | Lab      | Noticed a minotaur
 16307 | Lab      | Killed a minotaur
 16307 | Lab      | Reached skill level 10 in Dodging
 16314 | Lab      | Identified the Disquisition on the Glacier and Intoxication
 16328 | Lab      | Got an encrusted chain mail
 16344 | Lab      | Identified the +1 chain mail "Ampamoup" {Dex+2} (You found it in a labyrinth)
 16744 | Lair:1   | Noticed Fannar
 16756 | Lair:1   | Killed Fannar
 16756 | Lair:1   | Reached skill level 11 in Armour
 17622 | Lair:2   | Reached skill level 15 in Axes
 18321 | Lair:2   | Reached skill level 12 in Fighting
 18598 | Lair:2   | Found a staircase to the Shoals.
 18677 | Lair:2   | Reached skill level 11 in Dodging
 19050 | Lair:3   | Found a hole to the Spider Nest.
 19332 | Lair:3   | Reached skill level 16 in Axes
 19770 | Lair:3   | Reached skill level 12 in Armour
 20157 | Lair:4   | Noticed a death yak
 20158 | Lair:4   | Noticed a death yak
 20160 | Lair:4   | Noticed a death yak
 20170 | Lair:4   | Killed a death yak
 20170 | Lair:4   | Reached XP level 13. HP: 118/118 MP: 12/12
 20172 | Lair:4   | Received a gift from Trog
 22567 | Lair:5   | Found a staircase to the Slime Pits.
 23079 | Lair:6   | Entered Level 6 of the Lair of Beasts
 23114 | Lair:6   | Identified a scroll of acquirement
 23161 | Lair:6   | Noticed gressup's ghost (journeyman GnWz)
 23880 | Lair:6   | Reached skill level 17 in Axes
 23887 | Lair:6   | Killed gressup's ghost
 23891 | Lair:6   | HP: 32/119 [blink frog (10)]
 23900 | Lair:6   | Reached skill level 13 in Fighting
 24850 | Lair:6   | Reached skill level 12 in Dodging
 24852 | Lair:6   | Reached skill level 13 in Armour
 24880 | Lair:6   | HP: 38/122 [six-headed hydra (9)]
 25488 | Lair:6   | Reached XP level 14. HP: 129/129 MP: 13/13
 25898 | Lair:6   | Received a gift from Trog
 26781 | Lair:6   | HP: 40/129 [something/blast of calcifying dust (6)]
 26788 | Lair:6   | Reached skill level 18 in Axes
 26792 | Lair:6   | HP: 26/129 [death yak (18)]
 27389 | Lair:6   | Got a vibrating lapis lazuli ring
 27631 | Orc:1    | Entered Level 1 of the Orcish Mines
 27814 | Orc:1    | Found a roughly hewn altar of Beogh.
 27941 | Orc:2    | Entered Level 2 of the Orcish Mines
 28059 | Orc:2    | HP: 37/130 [deep troll (9)]
 28714 | Orc:1    | Reached skill level 14 in Fighting
 29443 | Orc:1    | Found Wumur's Armour Shop.
 29705 | Orc:1    | HP: 45/198 [two-headed ogre/giant spiked club (22)]
 29706 | Orc:1    | Reached skill level 14 in Armour
 30036 | Orc:1    | Reached skill level 13 in Dodging
 30166 | Orc:1    | Lost intelligence.
 30166 | Orc:1    | Identified the ring "Rodav" {Fire rN+ Str+3 Int-5} (You found it on level 6 of the Lair of Beasts)
 30317 | Orc:2    | Found a staircase to the Elven Halls.
 30386 | Orc:2    | Found Nelytumm's Assorted Antiques.
 30507 | Orc:2    | Found Zattium's Antique Weapon Boutique.
 30508 | Orc:2    | Found Orchae's Jewellery Shoppe.
 30518 | Orc:2    | Found Gidirau's Magic Scroll Shop.
 30526 | Orc:2    | Bought a scroll of blinking for 105 gold pieces
 30747 | Orc:2    | Bought a scroll of acquirement for 728 gold pieces
 30751 | Orc:2    | Got a pair of smoking gloves
 30762 | Orc:2    | Identified the -3 pair of gloves of Etwok {MP+9 Str+7} (You acquired it on level 2 of the Orcish Mines)
 30945 | D:12     | Killed Snorg
 31573 | D:12     | HP: 41/133 [white ugly thing (34)]
 31965 | D:12     | Reached skill level 19 in Axes
 32391 | D:12     | Received a gift from Trog
 32890 | D:12     | Reached XP level 15. HP: 129/139 MP: 4/14
 33371 | D:13     | Found a gate to the Vaults.
 35318 | D:15     | Entered Level 15 of the Dungeon
 35319 | D:15     | Found a runed door.
 35339 | D:15     | Found a runed door.
 35342 | D:15     | Received a gift from Trog
 35414 | D:15     | Found a runed door.
 35457 | D:15     | Found a runed door.
 35827 | D:15     | Found a staircase to the Depths.
 36660 | Spider:1 | Entered Level 1 of the Spider Nest
 36668 | Spider:1 | Reached skill level 15 in Fighting
 36692 | Spider:1 | Paralysed by a hornet for 2 turns
 36837 | Spider:1 | HP: 40/141 [wolf spider (16)]
 36851 | Lair:3   | HP: 41/141 [wolf spider (3)]
 37362 | Spider:1 | Reached skill level 20 in Axes
 37560 | Spider:1 | Reached skill level 15 in Armour
 37566 | Spider:1 | HP: 51/211 [disintegration (28)]
 37571 | Spider:1 | HP: 41/211 [poisoned by a wolf spider]
 37575 | Spider:1 | HP: 17/141 [poisoned by a wolf spider]
 37580 | Spider:1 | HP: 12/141 [poisoned by a wolf spider]
 37585 | Spider:1 | HP: 14/141 [poisoned by a wolf spider]
 37590 | Spider:1 | HP: 19/141 [poisoned by a wolf spider]
 37596 | Spider:1 | HP: 27/141 [poisoned by a wolf spider]
 37602 | Spider:1 | HP: 28/141 [poisoned by a wolf spider]
 38241 | Spider:1 | Reached skill level 14 in Dodging
 38731 | Spider:2 | Killed a ghost moth
 39573 | Spider:2 | Received a gift from Trog
 39759 | Spider:2 | Reached XP level 16. HP: 58/149 MP: 5/15
 39768 | Spider:2 | HP: 49/149 [poisoned by a wolf spider]
 39774 | Spider:2 | HP: 47/149 [poisoned by a wolf spider]
 39781 | Spider:2 | HP: 47/149 [poisoned by a wolf spider]
 39788 | Spider:2 | HP: 47/149 [poisoned by a wolf spider]
 39796 | Spider:2 | HP: 48/149 [poisoned by a wolf spider]
 42097 | Spider:3 | HP: 47/150 [poisoned by a redback]
 42102 | Spider:3 | HP: 36/150 [poisoned by a redback]
 42107 | Spider:2 | HP: 27/150 [poisoned by a redback]
 42112 | Spider:2 | HP: 23/150 [poisoned by a redback]
 42117 | Spider:2 | HP: 20/150 [poisoned by a redback]
 42122 | Spider:2 | HP: 18/150 [poisoned by a redback]
 42129 | Spider:2 | HP: 18/150 [poisoned by a redback]
 42136 | Spider:2 | HP: 18/150 [poisoned by a redback]
 42144 | Spider:2 | HP: 19/150 [poisoned by a redback]
 42612 | Spider:3 | Noticed Azrael
 42623 | Spider:3 | Killed Azrael
 42985 | Spider:3 | HP: 49/151 [poisoned by an emperor scorpion]
 42991 | Spider:3 | HP: 47/151 [poisoned by an emperor scorpion]
 42997 | Spider:3 | HP: 46/151 [poisoned by an emperor scorpion]
 43002 | Spider:3 | HP: 46/151 [poisoned by an emperor scorpion]
 43010 | Spider:3 | HP: 47/151 [poisoned by an emperor scorpion]
 43614 | Spider:3 | Received a gift from Trog
 43650 | Spider:3 | Reached skill level 21 in Axes
 44565 | Spider:4 | Entered Level 4 of the Spider Nest
 44589 | Spider:4 | Reached skill level 16 in Fighting
 45321 | Spider:4 | Noticed Arachne
 45329 | Spider:4 | Killed Arachne
 45494 | Spider:4 | Reached skill level 16 in Armour
 45955 | Spider:4 | HP: 49/151 [poisoned by an emperor scorpion]
 45960 | Spider:4 | HP: 23/151 [poisoned by a wolf spider]
 45960 | Spider:4 | HP: 10/151 [wolf spider (13)]
 45965 | Spider:4 | HP: 35/151 [wolf spider (11)]
 45970 | Spider:4 | HP: 25/151 [poisoned by a wolf spider]
 45975 | Spider:4 | HP: 25/151 [poisoned by a wolf spider]
 45979 | Spider:4 | HP: 11/151 [wolf spider (15)]
 45985 | Spider:3 | HP: 39/151 [poisoned by a wolf spider]
 45990 | Spider:3 | HP: 40/151 [poisoned by a wolf spider]
 45997 | Spider:3 | HP: 41/151 [poisoned by a wolf spider]
 46005 | Spider:3 | HP: 41/151 [poisoned by a wolf spider]
 46541 | Spider:4 | Reached skill level 15 in Dodging
 46844 | Spider:4 | Lost intelligence.
 46850 | Spider:4 | HP: 43/152 [spark wasp (12)]
 46851 | Spider:4 | HP: 19/152 [spark wasp (5)]
 46851 | Spider:4 | HP: 5/152 [spark wasp (5)]
 46856 | Spider:4 | HP: 6/152 [spark wasp (8)]
 46856 | Spider:4 | HP: 1/152 [spark wasp (5)]
 46856 | Spider:4 | Slain by a hornet

Vanquished Creatures
  Arachne (Spider:4)
  3 ghost moths
  2 emperor scorpions
  An entropy weaver (Spider:2)
  Azrael (Spider:3)
  3 spark wasps
  A minotaur (Lab)
  Fannar (Lair:1)
  Snorg (D:12)
  2 catoblepae (Lair:6)
  3 hydras
  2 centaur warriors
  Erica (D:11)
  3 ogre magi
  A tengu warrior (D:14)
  14 two-headed ogres
  12 death yaks
  3 deep trolls
  2 unseen horrors
  3 deep elf magi
  2 orc knights
  35 wolf spiders
  20 orb spiders
  An ugly thing (D:14)
  An oklob plant (D:14)
  4 manticores
  2 moths of wrath (Spider:4)
  A merfolk siren (Lair:2)
  5 cyclopes
  10 elephants
  3 black mambas
  6 spiny frogs
  3 torpor snails
  A centaur skeleton (D:10)
  A freezing wraith (D:13)
  8 rime drakes
  A komodo dragon (shapeshifter) (D:12)
  3 kobold demonologists (D:15)
  5 komodo dragons
  8 demonic crawlers
  A yaktaur (D:15)
  12 trolls
  A tengu conjurer (D:10)
  3 meliai (D:15)
  35 jumping spiders
  8 hornets
  14 blink frogs
  8 slime creatures
  3 dream sheep (Lair:5)
  17 hippogriffs
  29 tarantellas
  52 redbacks
  A wyvern (D:11)
  3 wraiths
  Eustachio (D:6)
  60 yaks
  3 basilisks
  6 fire elementals
  A human (shapeshifter) (D:15)
  10 vampire mosquitoes (D:15)
  2 steam dragons
  3 hungry ghosts
  The ghost of drazt1k the Slinger, an amateur HaHu of Makhleb (D:3)
  A warg (Orc:1)
  12 water moccasins
  2 hell hounds (Spider:3)
  A soldier ant (D:9)
  A water moccasin (shapeshifter) (D:15)
  5 porcupines
  Purgy (D:4)
  4 sky beasts
  3 black bears
  24 ogres
  16 orc warriors
  A necrophage (D:8)
  18 centaurs
  3 phantoms
  A big kobold (D:15)
  7 crocodiles
  22 bullfrogs
  2 gnoll sergeants
  3 scorpions
  A troll zombie (D:10)
  A water moccasin skeleton (D:11)
  21 killer bees
  2 jellies
  9 wights
  3 electric eels
  2 howler monkeys
  3 crimson imps
  3 bullfrog zombies
  4 centaur zombies
  A wyvern simulacrum (D:14)
  7 hounds
  13 orc priests
  2 bullfrog skeletons
  14 orc wizards
  6 iguanas
  Natasha (thrice) (D:3)
  A hell rat (Lair:6)
  Terence (D:2)
  13 worker ants
  A killer bee zombie (D:5)
  4 ogre zombies (D:10)
  A hound zombie (D:5)
  3 hound skeletons
  A worker ant zombie (D:5)
  Robin (D:3)
  A howler monkey skeleton (D:6)
  16 gnolls
  15 adders
  3 shadow imps
  3 oozes
  An adder skeleton (D:9)
  3 worms
  3 dart slugs
  6 leopard geckos
  68 orcs
  2 ball pythons (D:3)
  3 bats (D:1)
  4 giant cockroaches
  12 goblins
  9 hobgoblins
  13 jackals
  3 quokkas
  3 frilled lizards
  A goblin skeleton (D:10)
  2 goblin zombies (D:10)
  A hobgoblin skeleton (D:10)
  A jackal zombie (D:7)
  6 kobolds
  4 orc skeletons (D:10)
  11 orc zombies (D:10)
  2 quokka zombies
  8 rats
906 creatures vanquished.

Vanquished Creatures (collateral kills)
  The ghost of gressup the Thaumaturge, a journeyman GnWz of Kikubaaqudgha (Lair:6)
  2 blink frogs (Lair:6)
  5 hell rats (Lair:6)
8 creatures vanquished.

Vanquished Creatures (others)
  A hydra (Lair:5)
  A death yak (Lair:6)
  An elephant (Lair:6)
  A komodo dragon (Lair:6)
  3 yaks
  A water moccasin (Lair:5)
  6 fungi
  4 plants
18 creatures vanquished.

Grand Total: 932 creatures vanquished
